 Dungeon Crawl Stone Soup version 0.24-a0-769-g368c1644f8 (webtiles) character file.

Game seed: 12589536455886842452, levelgen mode: deterministic

51 Golodhrim the Poker (level 3, 0/28 HPs)
             Began as a Merfolk Skald on Oct 4, 2019.
             Slain by Terence
             ... wielding a +2 trident of venom
              (4 damage)
             ... on level 2 of the Dungeon.
             The game lasted 00:31:22 (1837 turns).

Golodhrim the Poker (Merfolk Skald)                 Turns: 1837, Time: 00:31:23

Health: 0/28       AC:  3    Str: 12    XL:     3   Next: 83%
Magic:  4/6        EV: 13    Int: 12    God:
Gold:   50         SH:  0    Dex: 13    Spells: 5/6 levels left

rFire    . . .     SeeInvis .   a - +0 spear
rCold    . . .     Gourm    .   (no shield)
rNeg     . . .     Faith    .   b - +0 leather armour
rPois    .         Spirit   .   (no helmet)
rElec    .         Reflect  .   (no cloak)
rCorr    .         Harm     .   (no gloves)
MR       .....                  (no boots)
Stlth    +.........             (no amulet)
HPRegen  0.09/turn              (no ring)
MPRegen  0.10/turn              (no ring)

@: lethally poisoned (0 -> -28), infused (expiring)
A: change form in water, swift swim, stealthy swim
a: no special abilities


You were on level 2 of the Dungeon.
You were not hungry.

You visited 1 branch of the dungeon, and saw 2 of its levels.

You collected 50 gold pieces.

Inventory:

Hand Weapons
 a - a +0 spear (weapon)
 e - a +0 hunting sling
Missiles
 c - 49 stones (quivered)
Armour
 b - a +0 leather armour (worn)
Jewellery
 k - an uncursed ring of ice
Scrolls
 f - a scroll of amnesia {unknown}
 i - a scroll of immolation {unknown}
 l - 3 scrolls of remove curse {unknown}
 m - a scroll of random uselessness {unknown}
 o - a scroll of identify
 q - a scroll of enchant weapon {unknown}
Potions
 g - a potion of brilliance
 h - a potion of resistance
 j - a potion of flight {unknown}
 n - 2 potions of curing {unknown}
 p - a potion of haste {unknown}
 r - a potion of lignification {unknown}
Comestibles
 d - 7 rations


   Skills:
 - Level 2.4 Fighting
 * Level 4.2 Polearms
 + Level 1.1 Slings
 - Level 0.6 Armour
 - Level 3.3 Dodging
 - Level 2.0 Spellcasting
 + Level 3.4 Charms


You had 5 spell levels left.
You knew the following spells:

 Your Spells              Type           Power        Failure   Level  Hunger
a - Infusion              Chrm           #...         9%          1    ##.....

Your spell library contained the following spells:

 Spells                   Type           Power        Failure   Level  Hunger
 Song of Slaying          Chrm           #.......     13%         2    ###....
 Shroud of Golubria       Chrm/Tloc      #.....       26%         2    ###....
 Regeneration             Chrm/Necr      #.........   45%         3    ####...
 Spectral Weapon          Hex/Chrm       #.......     45%         3    ####...


Dungeon Overview and Level Annotations

Branches:
Dungeon (2/15)

Altars:
Ru

Annotations:
D:2 Terence


Message History

You are too injured to fight recklessly!
You feel very sick. Terence barely misses you.
You closely miss Terence.
Terence is moderately wounded.
You feel sick. Terence closely misses you.
You hit Terence but do no damage.
Terence is moderately wounded.
* * * LOW HITPOINT WARNING * * *
You feel sick.
You closely miss Terence.
Terence is moderately wounded.
* * * LOW HITPOINT WARNING * * *
You feel sick. Terence barely misses you.
You hit Terence.
Terence is heavily wounded.
* * * LOW HITPOINT WARNING * * *
You feel sick.
Terence hits you with a +2 trident of venom.
You die...

#....###........##.....#####
#[>....'...................#
#..#####........##.....###### #
##...##................##..
##.....##....###........##..
#.......#..#####........##..
#..._...#...............+...
#.......#.@########.#...##..
######.....##..@............##..
#....##...#####.................
#.....##.##..##...........#.....
#.............#########...#.....
#...............................
##....###..........).[.......#...
#)........<..................+...
#>..#............##..........#...
#................##..........#...


You could see Terence.

Vanquished Creatures
  2 dart slugs
  3 giant cockroaches (D:1)
  8 goblins
  4 hobgoblins
  4 jackals (D:1)
  2 kobolds (D:1)
  12 bats
  2 frilled lizards (D:1)
  5 rats (D:1)
42 creatures vanquished.

Notes
Turn   | Place    | Note
-------+----------+-------------------------------------------
     0 | D:1      | Golodhrim the Merfolk Skald began the quest for the Orb.
     0 | D:1      | Reached XP level 1. HP: 16/16 MP: 3/3
    89 | D:1      | Reached XP level 2. HP: 7/22 MP: 5/5
   523 | D:1      | Reached XP level 3. HP: 28/28 MP: 6/6
   537 | D:1      | Reached skill level 4 in Polearms
  1377 | D:2      | Reached skill level 1 in Slings
  1734 | D:2      | Found a sacrificial altar of Ru.
  1812 | D:2      | Noticed Terence
  1837 | D:2      | Slain by Terence

Levels and vault maps discovered:
D:1:      minmay_arrival_four_loops, layout_rooms, minmay_indecisive_spiral
D:2:      layout_basic, lemuel_round_altar, uniq_terence,
          uniq_crazy_yiuf_cottage

Skill      XL: |  1  2  3 |
---------------+----------+-----
Dodging        | 3 |  3.3
Polearms       | 4 |  4.2
Slings         | 1 |  1.1
Fighting       | |  2.4
Armour         | |  0.6
Spellcasting   | |  2.0
Charms         | |  3.4

Action                   || total
-------------------------++-------
Melee: Spear             ||    79
 Fire: Hunting sling     ||   104
Throw: Stone             ||     3
 Cast: Infusion          ||     2
  Use: Scroll            ||     2
  Eat: Chunk             ||     3
Armor: Leather armour    ||    38
Dodge: Dodged            ||    84

Table legend:
 A = Non-vault XP
 B = Vault XP
 C = Vault XP percentage of total XP
 D = Non-vault monster count
 E = Vault monster count
 F = Vault count percentage of total count
                 A         B        C        D         E       F
            +---------+---------+-------+---------+---------+-------
      Total |      64 |      10 |  13.5 |      38 |       4 |   9.5
            +---------+---------+-------+---------+---------+-------
        D:1 |      50 |      10 |  16.7 |      32 |       4 |  11.1
        D:2 |      14 |       0 |   0.0 |       6 |       0 |   0.0
            +---------+---------+-------+---------+---------+-------
